 Dungeon Sprint DCSS version 0.31-a0-460-g9e667d4245 (webtiles) character file.

Game seed: 16767058281436729191

14 rocky1 the Changeling (level 2, 0/19 HPs)
             Began as an Octopode Shapeshifter on Aug 5, 2023.
             Slain by an ice beast (3 damage)
             ... in the Dungeon (Sprint IX: "|||||||||||||||||||||||||||||").
             The game lasted 00:00:13 (128 turns).

rocky1 the Changeling (Octopode Shapeshifter)        Turns: 128, Time: 00:00:13

Health: 0/19       AC:  1    Str: 14    XL:     2   Next: 45%
Magic:  2/2        EV: 13    Int: 10    God:
Gold:   0          SH:  0    Dex: 12    Spells: 1/1 levels left

rFire   . .          .
                       - Unarmed
rCold   . . .        (no shield)
rNeg    . . .        (helmet currently unavailable)
rPois   .            (no amulet)
rElec   .            (no ring)
rCorr   .            (no ring)
SInv    .            (no ring)
Will    .....        (no ring)
Stlth   +++          (no ring)
HPRegen 0.23/turn    (no ring)
MPRegen 0.08/turn    (no ring)
                     (no ring)

%: no teleportation
@: beast-form
A: beast (slay +2), almost no armour, amphibious, 8 rings, camouflage 1,
gelatinous body 1, (nimble swimmer 1), tentacles
a: Begin Untransformation


You were in the Dungeon.
You were a hulking beast.
You visited 1 branch

Inventory:

Talismans
 b - a beast talisman (active)
Scrolls
 h - a scroll of blinking
Potions
 a - a potion of lignification
 c - a potion of curing
 e - a potion of haste
 f - 2 potions of magic
 g - a potion of berserk rage


   Skills:
 * Level 2.1 Fighting
 + Level 2.3 Dodging
 + Level 1.1 Stealth
 + Level 3.9 Unarmed Combat
 + Level 3.9 Shapeshifting


You had one spell level left.
You didn't know any spells.
Your spell library was empty.

Dungeon Overview and Level Annotations

Branches:
Dungeon (1/1)

Altars:


Innate Abilities, Weirdness & Mutations

You are a hulking beast.
Your limbs bulge with bestial killing power. (Slay +2)
You cannot wear most types of armour.
You are amphibious.
You can wear up to eight rings at the same time.
Your skin changes colour to match your surroundings (Stealth+).
Your rubbery body absorbs attacks. (AC +1, EV +1)
((You are camouflaged when in or above water. (Stealth+)))
You have tentacles for arms and can constrict up to eight enemies at once.


Message History

You constrict the shadow imp, but do no damage.
The shadow imp closely misses you.
You tentacle-slap the shadow imp.
The shadow imp is almost dead.
You constrict the shadow imp, but do no damage.
The shadow imp barely misses you.
You tentacle-slap the shadow imp but do no damage.
The shadow imp is almost dead.
You constrict the shadow imp.
You kill the shadow imp!
Your Fighting skill increases to level 2!
Your Stealth skill increases to level 1!
You have reached level 2!
Unknown command.
There is an open door here.
The helpless ice beast fails to defend itself.
You tentacle-slap the ice beast.
The ice beast is lightly wounded.
The adder hisses angrily.
The ice beast hits you. The ice beast freezes you!
Ouch! That really hurt!
* * * LOW HITPOINT WARNING * * *
You feel much better. The ice beast misses you.
The ogre shouts!
You tentacle-slap the ice beast but do no damage.
The ice beast is lightly wounded.
The ice beast closely misses you.
You closely miss the ice beast. You squeeze the ice beast.
The ice beast is moderately wounded.
The ice beast hits you. The ice beast freezes you!
Ouch! That really hurt!
* * * LOW HITPOINT WARNING * * *
You tentacle-slap the ice beast but do no damage.
You squeeze the ice beast.
The ice beast is moderately wounded.
The ice beast misses you.
You tentacle-slap the ice beast.
The ice beast is heavily wounded.
The ice beast hits you.
You die... ▓▓▓▓▓▓▓▓▓▓▓▓▓▓▓▓▓▓ +oOSYh'...).'...<▓ ▓▓▓▓▓▓▓▓▓▓▓▓▓▓▓▓▓▓

You could see an ice beast, an ogre, an adder and an orc.

Vanquished Creatures
  A shadow imp (D)
  A bat (D)
  An endoplasm (D)
  A giant cockroach (D)
  A goblin (D)
  A ball python (D)
6 creatures vanquished.

Notes
Turn   | Place    | Note
-------+----------+-------------------------------------------
     0 | D        | rocky1 the Octopode Shapeshifter began the quest for the
                  | Orb.
     0 | D        | Reached XP level 1. HP: 13/13 MP: 1/1
   117 | D        | Noticed an ogre
   117 | D        | Noticed an ice beast
   121 | D        | Reached skill level 1 in Stealth
   121 | D        | Reached XP level 2. HP: 19/19 MP: 2/2
   128 | D        | Slain by an ice beast

Illustrated notes

Levels and vault maps discovered:
D:        linesprint [early_d, line_temple, items_1, d_10, items_2, lair_1,
          lair_end, items_3, orc_1, orc_end, items_4, d_15, swamp_1, shoals_1,
          snake_1, spider_1, d_20, vaults_1, items_5, swamp_end, shoals_end,
          snake_end, spider_end, vaults_end, d_27, items_6, zot_1, zot_end,
          crypt_end, forest_end, elf_end, slime_end, tomb_end, abyss_end,
          pan_hell_end]

Skill      XL: |  1 |
---------------+----+-----
Fighting       | 2 |  2.1
Stealth        | 1 |  1.1
Dodging        | |  2.3
Unarmed Combat | |  3.9
Shapeshifting  | |  3.9

Action                     || total
---------------------------++-------
  Melee: Unarmed           ||    15
         Tentacles         ||     4
         Constrict         ||     2
         Punch             ||     1
    Use: Potion            ||     1
   Stab: Sleeping          ||     3
  Dodge: Dodged            ||     8

Table legend: (Time is in decaauts)
 A = Elapsed time spent in this place.
 B = Non-inter-level travel time spent in this place.
 C = Inter-level travel time spent in this place.
 D = Time resting spent in this place.
 E = Time spent auto-exploring this place.
 F = Levels seen in this place.
 G = Mean time per level.
                   A        B        C        D        E       F      G
               +--------+--------+--------+--------+--------+-----+--------+
         Total |    127 |    127 |      0 |    100 |      0 |   1 |  127.0 |
       Dungeon |    127 |    127 |      0 |    100 |      0 |   1 |  127.0 |
               +--------+--------+--------+--------+--------+-----+--------+

Top non-repeatable levels by time:
       D: 127 daAuts
